 Dungeon Crawl Stone Soup version 0.22.0-49-gab54619674 (webtiles) character file.

10564 ZiP212 the Basher (level 11, -7/71 HPs)
             Began as a Tengu Berserker on Sept 6, 2018.
             Was an Elder of Trog.
             Mangled by a minotaur (15 damage)
             ... in a labyrinth.
             The game lasted 01:06:29 (13404 turns).

ZiP212 the Basher (Tengu Berserker)                Turns: 13404, Time: 01:06:31

Health: -7/71      AC:  7    Str: 21    XL:     11   Next: 64%
Magic:  12/12      EV: 17    Int: 10    God:    Trog [****..]
Gold:   538        SH:  0    Dex: 14    Spells: 10/10 levels left

rFire    . . .     SeeInvis .   q - +0 great mace (venom)
rCold    . . .     Gourm    .   (shield currently unavailable)
rNeg     + . .     Faith    .   h - +2 robe {rN+}
rPois    .         Spirit   .   (helmet restricted)
rElec    .         Reflect  .   l - +0 cloak
rCorr    .         Harm     .   o - +0 pair of gloves
MR       .....     Clarity  +   (boots unavailable)
Stlth    ++++......             s - amulet of the acrobat
HPRegen  0.21/turn              C - +3 ring of intelligence
MPRegen  0.13/turn              (no ring)

@: no status effects
A: beak, talons 3, rugged brown scales 1, clarity, wild magic 1, MP-powered
wands, able to fly 1
a: Fly, Berserk, Trog's Hand, Brothers in Arms, Renounce Religion


You were in a labyrinth.
You worshipped Trog.
Trog was greatly pleased with you.
You were not hungry.

You visited 3 branches of the dungeon, and saw 12 of its levels.
You also visited: Labyrinth and Sewer.

You collected 645 gold pieces.
You spent 107 gold pieces at shops.

Inventory:

Hand Weapons
 e - a +2 quarterstaff of chaos
 m - a +0 dire flail
 q - a +0 great mace of venom (weapon)
Armour
 b - a +0 animal skin
 d - a +0 leather armour
 h - a +2 robe of positive energy (worn)
 l - a +0 cloak (worn)
 o - a +0 pair of gloves (worn)
 p - a +0 robe
 y - a +1 robe of cold resistance
 F - +0 steam dragon scales
Jewellery
 s - an amulet of the acrobat (around neck)
 C - a +3 ring of intelligence (left hand)
Wands
 j - a wand of digging (11)
 r - a wand of enslavement (2)
 u - a wand of paralysis (9)
 B - a wand of polymorph (9)
 H - a wand of flame (28)
Scrolls
 a - a scroll of teleportation
 g - 4 scrolls of fear
 i - 4 scrolls of remove curse
 n - 5 scrolls of fog
 J - 2 scrolls of magic mapping
Potions
 f - 4 potions of curing
 k - 2 potions of brilliance
 t - a potion of resistance
 v - a potion of berserk rage
 w - 2 potions of lignification
 x - 3 potions of cancellation
 z - a potion of haste {unknown}
 A - 2 potions of invisibility {unknown}
 D - 2 potions of flight {unknown}
 E - 2 potions of might {unknown}
Comestibles
 c - 14 rations


   Skills:
 + Level 8.5 Fighting
 + Level 13.9 Maces & Flails
 + Level 2.3 Armour
 + Level 7.7 Dodging
 + Level 7.6 Stealth
 + Level 1.1 Evocations


You had 10 spell levels left.
You didn't know any spells.
Your spell library was empty.

Dungeon Overview and Level Annotations

Branches:
Dungeon (10/15)            Temple (1/1) D:6            Lair (1/6) D:10
    Orc: D:9-12

Altars:
Cheibriados
Dithmenos
Hepliaklqana
Ru
Sif Muna
Trog
Uskayaw
Xom

Shops:
D:4 *([*

Annotations:
D:4 2 runed doors


Innate Abilities, Weirdness & Mutations

You have a beak for a mouth.
You have claws for feet.
You can fly.
You are partially covered in rugged brown scales. (AC +1, +3% HP)
You possess an exceptional clarity of mind.
Your spells are a little harder to cast, but a little more powerful.
You expend magic power (3 MP) to strengthen your wands.


Message History

The steel javelin hits you!!
The minotaur throws a steel javelin.
The steel javelin misses you.
You see here a steel javelin.
Your ogre goes berserk!
You feel quite a bit more hungry.
You swap places.
You swap places.
The minotaur misses you. The minotaur completely misses you.
You swap places.
Something hits your ogre!! Something gores your ogre. Something hits your ogre!
Your ogre dies!
Your ogre's corpse disappears in a puff of smoke!
Your ogre goes berserk!
You feel quite a bit more hungry.
You bludgeon the minotaur!!
The minotaur is moderately wounded.
Your ogre barely misses the minotaur.
The minotaur furiously retaliates!
The minotaur headbutts your ogre. The minotaur hits you!!
* * * LOW HITPOINT WARNING * * *
The minotaur gores you!
You die...

#####
#.#..
###.#.#
#...#.#
#@#.#
#.HO#
#####.#
#... .#
###(###
#((.#
#.### # #
###
#.H.#.
..#. . #
#
#.#.#.###
# #.##


You could see a minotaur and a friendly ogre (berserk).

Vanquished Creatures
  Erica (D:10)
  A two-headed ogre (D:7)
  The ghost of UrsusMedved the Chopper, a novice DsAK of Lugonu (D:5)
  4 slime creatures (D:10)
  Grinder (D:3)
  2 redbacks (Lab)
  A wyvern (D:8)
  Sigmund (D:7)
  A human (D:8)
  6 yaks (D:10)
  4 hogs (D:8)
  A basilisk (D:10)
  A steam dragon (D:9)
  The ghost of loom the Insei, an amateur MfTm (D:3)
  Edmund (D:7)
  A water moccasin (D:9)
  5 ice beasts
  2 orc warriors (D:7)
  Purgy (Sewer)
  A black bear (D:6)
  7 ogres
  4 phantoms
  A necrophage (D:8)
  4 centaurs
  A big kobold (D:7)
  2 bullfrogs
  A wyvern skeleton (D:10)
  3 scorpions
  5 killer bees (D:8)
  4 howler monkeys
  10 wights (D:9)
  5 crimson imps
  A bullfrog zombie (D:8)
  4 hounds
  3 jellies
  2 orc wizards
  Crazy Yiuf (D:3)
  4 orc priests
  3 bullfrog skeletons
  Jessica (D:2)
  Natasha (twice) (D:3)
  An iguana (D:4)
  4 worker ants
  A hound zombie (D:9)
  5 worker ant zombies
  A howler monkey skeleton (D:5)
  12 adders
  A river rat (D:3)
  A shadow imp (D:5)
  3 oozes
  4 adder skeletons
  5 worms
  6 dart slugs
  8 leopard geckos
  23 orcs
  7 bats
  8 giant cockroaches
  7 goblins
  4 hobgoblins
  6 jackals
  22 kobolds
  6 quokkas
  3 ball pythons
  5 frilled lizards
  3 quokka skeletons
  12 rats
  3 fungi (Lair:1)
  3 plants (D:3)
269 creatures vanquished.

Vanquished Creatures (collateral kills)
  A death yak (D:10)
  A hippogriff (D:10)
  A wraith (D:10)
  A basilisk (D:10)
  An eye of draining (D:8)
  A crimson imp (D:8)
  3 gnolls (D:10)
  A shadow imp (D:10)
10 creatures vanquished.

Vanquished Creatures (others)
  2 fungi (D:5)
  2 plants (D:5)
4 creatures vanquished.

Grand Total: 283 creatures vanquished

Notes
Turn   | Place    | Note
-------+----------+-------------------------------------------
     0 | D:1      | ZiP212 the Tengu Berserker began the quest for the Orb.
     0 | D:1      | Reached XP level 1. HP: 14/14 MP: 2/2
   119 | D:1      | Reached XP level 2. HP: 18/19 MP: 3/3
   522 | D:1      | Reached XP level 3. HP: 20/23 MP: 4/4
   606 | D:1      | Gained mutation: You expend magic power (3 MP) to
                  | strengthen your wands. [potion of mutation]
   606 | D:1      | Gained mutation: You possess an exceptional clarity of
                  | mind. [potion of mutation]
   606 | D:1      | Gained mutation: You are partially covered in rugged brown
                  | scales. (AC +1, +3% HP) [potion of mutation]
   606 | D:1      | Gained mutation: Your spells are a little harder to cast,
                  | but a little more powerful. [potion of mutation]
   942 | D:2      | Reached skill level 4 in Maces & Flails
  1349 | D:2      | Noticed Jessica
  1351 | D:2      | Killed Jessica
  1351 | D:2      | Reached XP level 4. HP: 29/29 MP: 5/5
  1401 | D:2      | Reached ** piety under Trog
  1525 | D:2      | Reached skill level 1 in Stealth
  1802 | D:2      | Gained mutation: You can fly. [Tengu growth]
  1802 | D:2      | Reached XP level 5. HP: 33/33 MP: 6/6
  1942 | D:3      | Found a runed gate.
  1943 | D:3      | Found a runed gate.
  1943 | D:3      | Found a runed gate.
  1950 | D:3      | Noticed loom's ghost (amateur MfTm)
  2029 | D:3      | Killed loom's ghost
  2029 | D:3      | Reached skill level 5 in Maces & Flails
  2029 | D:3      | Reached XP level 6. HP: 39/39 MP: 3/7
  2065 | D:3      | Found a glowing drain.
  2099 | Sewer    | Entered a sewer
  2288 | Sewer    | Noticed Purgy
  2303 | Sewer    | Killed Purgy
  2303 | Sewer    | Reached skill level 6 in Maces & Flails
  2499 | D:3      | Found a faded altar of an unknown god.
  2596 | D:3      | Noticed Grinder
  2599 | D:3      | Paralysed by Grinder for 2 turns
  2608 | D:3      | Killed Grinder
  2608 | D:3      | Reached skill level 1 in Evocations
  2608 | D:3      | Reached XP level 7. HP: 38/45 MP: 0/8
  2783 | D:3      | Noticed Natasha
  2810 | D:3      | Killed Natasha
  2814 | D:3      | Noticed Natasha
  2821 | D:3      | Killed Natasha
  3092 | D:3      | Found a runed door.
  3096 | D:3      | Noticed Crazy Yiuf
  3101 | D:3      | Killed Crazy Yiuf
  3174 | D:4      | Found Yrutuf's Assorted Antiques.
  3178 | D:4      | Found Xoyrasylu's Antique Armour Boutique.
  3258 | D:4      | Found Cotodiy's Antique Weapon Shoppe.
  3333 | D:4      | Reached skill level 7 in Maces & Flails
  3395 | D:4      | Reached skill level 5 in Fighting
  3431 | D:4      | Found Gagiur's General Store.
  3477 | D:4      | Reached XP level 8. HP: 50/50 MP: 9/9
  3535 | D:5      | Entered Level 5 of the Dungeon
  3658 | D:4      | Found Esoydaf's Weapon Emporium.
  3661 | D:4      | Bought a +0 great mace of venom for 107 gold pieces
  3682 | D:4      | Found a large runed door.
  3682 | D:4      | Found a large runed door.
  3910 | D:4      | Found a large runed door.
  3910 | D:4      | Found a large runed door.
  3967 | D:4      | Reached *** piety under Trog
  3970 | D:4      | Reached skill level 8 in Maces & Flails
  4197 | D:5      | Found a runed gate.
  4199 | D:5      | Noticed UrsusMedved's ghost (novice DsAK)
  4217 | D:5      | Found a deep blue altar of Sif Muna.
  4308 | D:5      | Found a hazy altar of Hepliaklqana.
  4428 | D:5      | Reached skill level 5 in Dodging
  4472 | D:5      | Found a runed gate.
  4472 | D:5      | Found a runed gate.
  4508 | D:5      | Killed UrsusMedved's ghost
  4508 | D:5      | Reached skill level 9 in Maces & Flails
  4508 | D:5      | Reached XP level 9. HP: 56/56 MP: 10/10
  4540 | D:5      | Paralysed by a kobold for 4 turns
  4873 | D:6      | Reached **** piety under Trog
  5183 | D:6      | Found a staircase to the Ecumenical Temple.
  5251 | D:6      | Reached skill level 10 in Maces & Flails
  5413 | D:7      | Noticed Edmund
  5424 | D:7      | Killed Edmund
  5446 | D:7      | Noticed Sigmund
  5455 | D:7      | Killed Sigmund
  5630 | D:7      | Noticed a two-headed ogre
  5637 | D:7      | Killed a two-headed ogre
  5637 | D:7      | Reached skill level 5 in Stealth
  5839 | D:7      | Reached skill level 11 in Maces & Flails
  5866 | D:7      | Reached XP level 10. HP: 62/62 MP: 11/11
  6576 | D:8      | Reached ***** piety under Trog
  6976 | D:8      | Reached skill level 12 in Maces & Flails
  8506 | Temple   | Entered the Ecumenical Temple
  9040 | D:9      | Reached XP level 11. HP: 70/70 MP: 12/12
  9258 | D:9      | Reached skill level 13 in Maces & Flails
  9407 | D:10     | Entered Level 10 of the Dungeon
  9407 | D:10     | Noticed Erica
  9485 | D:10     | Killed Erica
  9487 | D:10     | Found a staircase to the Lair.
  9489 | D:10     | Noticed a death yak
  9503 | D:10     | Killed a death yak
 11031 | Lair:1   | Entered Level 1 of the Lair of Beasts
 11193 | Lair:1   | Found a labyrinth entrance.
 11202 | Lab      | Entered a labyrinth
 13382 | Lab      | Noticed a minotaur
 13404 | Lab      | Mangled by a minotaur

Skill      XL: |  1  2  3  4  5  6  7  8  9 10 11 |
---------------+----------------------------------+-----
Maces & Flails | 4 5 6 7 9 11 12 13 | 13.9
Stealth        | 1 2 3 4 5 6 7 |  7.6
Fighting       | 4 5 6 7 8 |  8.5
Dodging        | 3 4 5 7 |  7.7
Evocations     | 1 |  1.1
Armour         | |  2.3

Action                   |  1- 3 |  4- 6 |  7- 9 | 10-12 || total
-------------------------+-------+-------+-------+-------++-------
Melee: Mace              |    68 |   155 |    75 |       ||   298
       Kick              |    17 |    68 |    61 |    94 ||   240
       Peck              |     5 |    43 |    25 |    55 ||   128
       Great mace        |       |       |   132 |   285 ||   417
Invok: Berserk           |       |     1 |     1 |       ||     2
       Trog's Hand       |       |     1 |     2 |     2 ||     5
       Brothers in Arms  |       |       |       |     5 ||     5
 Abil: Fly               |       |     1 |       |       ||     1
Evoke: Wand              |       |     9 |     6 |       ||    15
  Use: Potion            |     3 |       |     1 |     3 ||     7
       Scroll            |     2 |       |    10 |    10 ||    22
 Stab: Sleeping          |     2 |     2 |    14 |    12 ||    30
       Distracted        |       |       |       |     1 ||     1
  Eat: Chunk             |       |     7 |     8 |     8 ||    23
       Ration            |       |       |     1 |     6 ||     7
Armor: Animal skin       |    12 |       |       |       ||    12
       Leather armour    |     4 |       |       |       ||     4
       Robe              |       |    29 |    31 |    49 ||   109
Dodge: Dodged            |    53 |    72 |   125 |   229 ||   479
